 Dungeon Crawl Stone Soup version 0.30.0-29-ga12c61a403 (webtiles) character file.

Game seed: 12416837240576671708

489303 EXPLOSION the Hill Orc Cataclysm (level 24, -14/373 HPs)
             Began as a Hill Orc Fighter on June 11, 2023.
             Was a High Priest of Qazlal.
             Demolished by a sun moth (15 damage)
             ... on level 7 of a ziggurat.
             The game lasted 01:43:20 (41977 turns).

EXPLOSION the Hill Orc Cataclysm (HOFi)            Turns: 41977, Time: 01:43:21

Health: -14/373    AC: 43    Str: 32 (33) XL:     24   Next: 69%
Magic:  27/31      EV: 11    Int: 13      God:    Qazlal [*****.]
Gold:   5160       SH:  0    Dex:  8 (10) Spells: 23/23 levels left

rFire   + . .        M - +9 broad axe (flame)
rCold   + + +        k - +2 kite shield {rC+}
rNeg    . . .        N - +3 plate armour {rF+}
rPois   +            d - +2 helmet "Vyil" {Int+2 Slay+2}
rElec   .            e - +2 cloak {rPois}
rCorr   +            r - +2 pair of gloves {Stlth+}
SInv    +            t - +3 pair of mountain boots {steadfast, rC+}
Will    +....        a - amulet of the Rose {Regen+ Int+3} Stlth
                     g - ring of Ucloclun {Fly rCorr MP-9 SInv}
HPRegen 1.62/turn    V - ring of Vaagupp {rC+++ AC+4 Str+3 Stlth+}
MPRegen 0.22/turn

%: repel missiles
@: confused, berserking, lethally poisoned (-14 -> -17), protected from cold,
flying, glowing, studying 2 skills, very quick
A: evolution 1
}: 3/15 runes: decaying, silver, gossamer
a: Renounce Religion, Upheaval, Elemental Force, Disaster Area


You were on level 7 of a ziggurat.
You worshipped Qazlal.
Qazlal was extremely pleased with you.
You visited 7 branches of the dungeon, and saw 37 of its levels.
You visited 1 ziggurat, and saw 7 of its levels.
You also visited: Ossuary, Gauntlet and Ice Cave.

You collected 6914 gold pieces.
You spent 1754 gold pieces at shops.

Inventory:

Hand Weapons
 c - a +2 antimagic hand axe
 y - the +1 broad axe of Egreuh {venom, Contam rPois rC+ rN++}
   (You found it on level 4 of a ziggurat)

   rC:        It protects you from cold.
   rPois:     It protects you from poison.
   rN:        It greatly protects you from negative energy.
   Contam:    It causes magical contamination when unequipped.
 I - a +2 broad axe of venom
 M - a +9 broad axe of flaming (weapon)
Missiles
 C - 2 throwing nets
Armour
 d - the +2 helmet "Vyil" (worn) {Int+2 Slay+2}
   (You found it in a Gauntlet)

   Int:       It affects your intelligence (+2).
   Slay:      It affects your accuracy & damage with ranged weapons and melee
   (+2).
 e - a +2 cloak of poison resistance (worn)
 k - a +2 kite shield of cold resistance (worn)
 r - a +2 pair of gloves of stealth (worn)
 t - the +3 pair of mountain boots (worn) {steadfast, rC+}
   (You bought it in a shop on level 5 of the Vaults)

   Steadfast: It prevents involuntary movement, except for blinking,
   teleportation, or banishment.
   rC:        It protects you from cold.
 L - the +7 chain mail of the Sky {Will+ rCorr}
   (You found it on level 5 of the Vaults)

   rCorr:     It protects you from acid and corrosion.
   Will:      It increases your willpower.
 N - a +3 plate armour of fire resistance (worn)
 X - a +0 cloak
Jewellery
 a - the amulet of the Rose (around neck) {Regen+ Int+3}
   (You found it in a Gauntlet)

   [amulet of regeneration]

   Int:       It affects your intelligence (+3).
   Regen:     It increases your rate of health regeneration.
 b - a ring of poison resistance
 g - the ring of Ucloclun (left hand) {Fly rCorr MP-9 SInv}
   (You took it off an ironbound convoker on level 2 of the Vaults)

   [ring of flight]

   MP:        It affects your magic capacity (-9).
   SInv:      It lets you see invisible.
   Fly:       It grants you flight.
   rCorr:     It protects you from acid and corrosion.
 V - the ring of Vaagupp (right hand) {rC+++ AC+4 Str+3 Stlth+}
   (You found it in a Gauntlet)

   [ring of protection]

   AC:        It affects your AC (+4).
   Str:       It affects your strength (+3).
   rC:        It renders you almost immune to cold.
   Stlth:     It makes you more stealthy.
 W - a ring of protection from fire
 Y - a ring of fire
Wands
 m - a wand of mindburst (6)
 o - a wand of quicksilver (23)
 E - a wand of digging (22)
Scrolls
 f - 12 scrolls of immolation
 h - 26 scrolls of teleportation
 l - 4 scrolls of fog
 p - 13 scrolls of blinking
 u - 3 scrolls of fear
 v - 2 scrolls of brand weapon
 x - 30 scrolls of identify
 D - 2 scrolls of enchant weapon
 F - 2 scrolls of summoning
 H - 8 scrolls of silence
 K - 3 scrolls of amnesia
 Q - 5 scrolls of enchant armour
 T - 9 scrolls of magic mapping
 U - 7 scrolls of poison
Potions
 i - 17 potions of ambrosia
 j - 5 potions of resistance
 n - 7 potions of flight
 q - 3 potions of invisibility
 s - 3 potions of curing
 w - 5 potions of magic
 z - 8 potions of lignification
 A - 6 potions of mutation
 B - 7 potions of cancellation
 G - 9 potions of might
 J - 6 potions of attraction
 O - 2 potions of berserk rage
 P - 6 potions of brilliance
 R - 6 potions of haste
 S - 8 potions of heal wounds


   Skills:
 O Level 27 Fighting
 - Level 18.0 Axes
 + Level 20.8 Armour
 + Level 11.1 Dodging
 - Level 12.3 Shields
 O Level 27 Invocations


You had 23 spell levels left.
You didn't know any spells.
Your spell library contained the following spells:

 Spells                   Type           Power      Damage    Failure   Level
 Apportation              Tloc           0%         N/A       85%         1
 Beastly Appendage        Tmut           0%         N/A       85%         1
 Freeze                   Ice            0%         1d3       85%         1
 Kiss of Death            Conj/Necr      0%         2d5       85%         1
 Magic Dart               Conj           0%         1d3       85%         1
 Necrotise                Necr           0%         1d4       85%         1
 Sandblast                Erth           0%         2d4       85%         1
 Shock                    Conj/Air       0%         1d3       85%         1
 Slow                     Hex            0%         N/A       85%         1
 Summon Small Mammal      Summ           0%         N/A       85%         1
 Blink                    Tloc           0%         N/A       94%         2
 Call Imp                 Summ           0%         N/A       94%         2
 Cigotuvi's Dreadful Rot  Necr/Pois/Air  0%         N/A       94%         2
 Ensorcelled Hibernation  Hex/Ice        0%         N/A       94%         2
 Lesser Beckoning         Tloc           0%         N/A       94%         2
 Momentum Strike          Conj/Tloc      0%         3d8       94%         2
 Passwall                 Tmut/Erth      0%         N/A       94%         2
 Scorch                   Fire           0%         2d5       94%         2
 Static Discharge         Conj/Air       0%         2-2/arc   94%         2
 Sublimation of Blood     Necr           0%         N/A       94%         2
 Wereblood                Tmut           0%         N/A       94%         2
 Call Canine Familiar     Summ           0%         N/A       99%         3
 Confusing Touch          Hex            0%         N/A       99%         3
 Dazzling Flash           Conj/Hex       0%         N/A       99%         3
 Gell's Gravitas          Tloc           0%         N/A       99%         3
 Hailstorm                Conj/Ice       0%         3d3       99%         3
 Ignite Poison            Fire/Tmut/Pois 0%         N/A       99%         3
 Mephitic Cloud           Conj/Pois/Air  0%         N/A       99%         3
 Ozocubu's Armour         Ice            0%         N/A       99%         3
 Portal Projectile        Hex/Tloc       0%         N/A       99%         3
 Spider Form              Tmut/Pois      0%         N/A       99%         3
 Stone Arrow              Conj/Erth      0%         3d7       99%         3
 Summon Guardian Golem    Hex/Summ       0%         N/A       99%         3
 Swiftness                Air            0%         N/A       99%         3
 Teleport Other           Tloc           0%         N/A       99%         3
 Tukima's Dance           Hex            0%         N/A       99%         3
 Vampiric Draining        Necr           0%         2d6       99%         3
 Airstrike                Air            0%         2d(0-16)  100%        4
 Anguish                  Hex/Necr       0%         N/A       100%        4
 Animate Armour           Summ/Erth      0%         N/A       100%        4
 Animate Dead             Necr           0%         N/A       100%        4
 Cause Fear               Hex            0%         N/A       100%        4
 Dispel Undead            Necr           0%         3d6       100%        4
 Flame Wave               Conj/Fire      0%         2d4       100%        4
 Ice Form                 Ice/Tmut       0%         N/A       100%        4
 Leda's Liquefaction      Hex/Erth       0%         N/A       100%        4
 Olgreb's Toxic Radiance  Pois           0%         N/A       100%        4
 Passage of Golubria      Tloc           0%         N/A       100%        4
 Petrify                  Tmut/Erth      0%         N/A       100%        4
 Summon Lightning Spire   Summ/Air       0%         N/A       100%        4
 Agony                    Necr           0%         N/A       100%        5
 Alistair's Intoxication  Tmut/Pois      0%         N/A       100%        5
 Blade Hands              Tmut           0%         N/A       100%        5
 Borgnjor's Vile Clutch   Necr/Erth      0%         N/A       100%        5
 Freezing Cloud           Conj/Ice/Air   0%         6-21      100%        5
 Irradiate                Conj/Tmut      0%         3d11      100%        5
 Iskenderun's Battlesphe  Conj           0%         2d6       100%        5
 Lee's Rapid Deconstruct  Erth           0%         3d4*      100%        5
 Metabolic Englaciation   Hex/Ice        0%         N/A       100%        5
 Silence                  Hex/Air        0%         N/A       100%        5
 Yara's Violent Unravell  Hex/Tmut       0%         3d3       100%        5
 Death Channel            Necr           0%         N/A       100%        6
 Iron Shot                Conj/Erth      0%         9d1       100%        6
 Simulacrum               Ice/Necr       0%         N/A       100%        6
 Statue Form              Tmut/Erth      0%         N/A       100%        6
 Summon Cactus Giant      Summ           0%         N/A       100%        6
 Dragon Form              Tmut           0%         N/A       100%        7
 Enfeeble                 Hex            0%         N/A       100%        7
 Haunt                    Necr/Summ      0%         N/A       100%        7
 Ozocubu's Refrigeration  Ice            0%         4d7       100%        7
 Spellforged Servitor     Conj/Summ      0%         N/A       100%        7
 Discord                  Hex            0%         N/A       100%        8
 Ignition                 Fire           0%         3d3       100%        8
 Infestation              Necr           0%         N/A       100%        8
 Lehudib's Crystal Spear  Conj/Erth      0%         10d2      100%        8
 Dragon's Call            Summ           0%         N/A       100%        9
 Polar Vortex             Ice            0%         N/A       100%        9


Dungeon Overview and Level Annotations

Branches:
Dungeon (15/15)            Temple (0/1) D:5            Lair (5/5) D:9
  Swamp (4/4) Lair:3       Spider (4/4) Lair:3        Slime (0/5) Lair:4
    Orc (2/2) D:12            Elf (0/3) Orc:2        Vaults (5/5) D:13
  Crypt (0/3) Vaults:3     Depths (2/4) D:15        Ossuary (visited)
  IceCv (visited)         Gauntlet (visited)

Altars:
Fedhas
Kikubaaqudgha
Makhleb
Nemelex Xobeh
Okawaru
Qazlal
Ru
Sif Muna
Trog
Wu Jian
Xom
Yredelemnul
Zin
Jiyva
Lugonu

Shops:
D:10 ?   D:14 ?   Orc:1 !   Orc:2 ![*:   Vaults:3 ?   Vaults:4 :   Vaults:5 [
Depths:1 :

Portals:
Hell: Depths:1 Depths:2
Abyss: Lair:5 Depths:1 Depths:2
Pandemonium: Depths:2


Innate Abilities, Weirdness & Mutations

You have hidden genetic potential.


Message History

The broodmother bites you!!
* * * LOW HITPOINT WARNING * * *
The tarantella closely misses you.
The sun moth bites you but does no damage.
The emperor scorpion misses you. The emperor scorpion barely misses you.
The emperor scorpion closely misses you.
The ghost moth simulacrum hits you but does no damage. x3
The emperor scorpion simulacrum hits you but does no damage.
The emperor scorpion simulacrum claws you but does no damage.
The emperor scorpion simulacrum closely misses you.
The broodmother bites you!
* * * LOW HITPOINT WARNING * * *
The tarantella touches you but does no damage.
You slash the sun moth! You burn the sun moth.
The sun moth is severely wounded.
You slash the emperor scorpion! You burn the emperor scorpion.
You slash the broodmother! You burn the broodmother!
You slash the emperor scorpion simulacrum!
You melt the emperor scorpion simulacrum!
The emperor scorpion simulacrum vaporises!
You slice the ghost moth simulacrum!!
You melt the ghost moth simulacrum.
The ghost moth simulacrum vaporises!
You open the tarantella like a pillowcase!!!
You burn the tarantella!
You kill the tarantella!
The tarantella's corpse disappears in a puff of smoke!
You feel sick.
The sun moth bites you but does no damage.
The emperor scorpion stings you!
* * * LOW HITPOINT WARNING * * *
The emperor scorpion claws you.
* * * LOW HITPOINT WARNING * * *
The emperor scorpion barely misses you.
You slice the emperor scorpion!! You burn the emperor scorpion!
The emperor scorpion is severely wounded.
You slash the sun moth! You burn the sun moth. You slice the broodmother!!
You burn the broodmother.
You feel sick. The broodmother bites you!
* * * LOW HITPOINT WARNING * * *
A spider bursts forth from the wound!
The sun moth bites you!
You die...

▓▓▓▓▓▓▓▓▓▓▓
▓▓.........▓
▓▓...........
▓▓..§°Z.......
▓▓.....§ss.....
▓.∩..☼.@s....s.
▓▓...°.y○......
▓▓......○.....
▓▓...........
▓▓.........▓
▓▓▓▓▓▓▓▓▓▓▓


You could see a broodmother (berserk, soul bound), an emperor scorpion (berserk,
soul bound), a sun moth (berserk), 2 jumping spiders and a moth of wrath
simulacrum.

Vanquished Creatures
  2 dread liches
  Sojobo (Vaults:3)
  A Killer Klown (Zig:2)
  A curse toe (Zig:4)
  The ghost of wortelefant the Impregnable, an adept MiFi of Okawaru (Vaults:4)
  A golden dragon (Vaults:5)
  7 tentacled monstrosities
  Rupert (D:14)
  Mlioglotl (Swamp:1)
  4 quicksilver dragons (Vaults:5)
  5 titans (Vaults:5)
  Frances (D:14)
  4 sphinxes
  5 storm dragons (Vaults:5)
  Kirke (D:14)
  7 tengu reavers
  4 shadow dragons
  A thorn hunter (Swamp:2)
  4 frost giants
  7 fire giants
  5 emperor scorpions
  A fenstrider witch (Swamp:2)
  2 iron dragons
  Aizul (Swamp:3)
  8 ghost moths
  14 vault wardens
  2 orc warlords
  11 very ugly things
  19 stone giants
  A quicksilver ooze (Zig:3)
  The ghost of xfalz the Thaumaturge, a journeyman GnSk of Ashenzari (Swamp:3)
  17 ironbound preservers
  A war gargoyle (Vaults:5)
  4 ironbound thunderhulks
  3 broodmothers
  3 eleionomae
  3 bunyips
  8 spark wasps
  2 minotaurs
  A deep elf annihilator (Vaults:5)
  5 dire elephants
  2 green deaths (Swamp:4)
  An eidolon (Zig:4)
  2 deep elf death magi (Vaults:5)
  11 ettins
  A merfolk impaler (Vaults:4)
  3 jiangshi (Depths:1)
  10 great orbs of eyes
  Josephine (D:12)
  3 deep elf high priests
  15 yaktaur captains
  3 fire dragons
  23 vault guards
  16 hydras
  Fannar (Orc:1)
  5 entropy weavers
  3 ghost crabs
  2 ogre magi
  2 ice dragons (Depths:2)
  4 catoblepae
  2 spriggan air magi
  6 ironbound frosthearts
  A peacekeeper (Vaults:3)
  A hydra (shapeshifter) (Vaults:4)
  15 two-headed ogres
  3 jorogumos
  A two-headed ogre (shapeshifter) (Vaults:5)
  18 centaur warriors
  A death knight (D:10)
  12 alligators
  A naga warrior (Vaults:4)
  6 boulder beetles
  2 vampire magi (Depths:1)
  4 radroaches
  3 orc high priests (Orc:2)
  5 deep troll earth magi
  4 deep troll shamans
  6 tengu warriors
  13 death yaks
  Sonja (Orc:1)
  7 thrashing horrors
  Nergalle (Orc:1)
  A shadow wraith (Vaults:5)
  A soul eater (Zig:4)
  8 iron trolls
  Amaemon (Lair:2)
  2 deep elf knights
  A skyshark (Lair:5)
  5 pharaoh ants
  A fire crab (Lair:4)
  4 large abominations
  A deep troll (shapeshifter) (Vaults:5)
  2 sun moths (Spider:4)
  5 swamp dragons
  Lodul (D:14)
  47 deep trolls
  3 skeletal warriors
  5 spriggan druids
  A flayed ghost (Depths:1)
  11 orb spiders
  A death drake (Gauntlet)
  3 goliath frogs
  3 glowing orange brains
  5 bog bodies
  2 steelbarb worms
  5 obsidian statues
  12 ironbound convokers
  8 harpies
  23 wolf spiders
  A deep elf zephyrmancer (D:13)
  3 lindwurms
  10 orc knights
  An orange crystal statue (Zig:4)
  8 wizards
  5 phantasmal warriors (Vaults:5)
  2 necromancers (Vaults:1)
  4 deep elf pyromancers
  4 orc sorcerers (Orc:2)
  21 ugly things
  A shining eye (Depths:2)
  5 will-o-the-wisps
  A wolf spider (shapeshifter) (D:9)
  A mana viper (shapeshifter) (Vaults:2)
  2 moths of wrath
  3 oklob plants
  4 manticores
  4 cyclopes
  A stone giant zombie (Vaults:1)
  A moth of wrath (shapeshifter) (Vaults:5)
  5 black mambas
  A centaur zombie (Gauntlet)
  A human skeleton (Vaults:1)
  22 vault sentinels
  3 ice statues
  7 demonic crawlers
  An eye of devastation (Depths:2)
  12 elephants
  A smoke demon (Lair:5)
  11 cane toads
  6 torpor snails
  A gargoyle (D:10)
  An orange demon (Lair:2)
  2 unseen horrors
  18 rime drakes
  14 komodo dragons
  4 centaur skeletons (D:13)
  4 kobold demonologists
  36 yaktaurs
  An ancient zyme (Lair:5)
  2 tengu conjurers
  4 freezing wraiths
  7 polar bears
  A queen bee (Lair:2)
  7 trolls
  3 meliai (Spider:2)
  A spectral harpy (Gauntlet)
  A queen bee (shapeshifter) (Vaults:5)
  2 wind drakes (shapeshifter)
  5 tyrant leeches
  13 hornets
  27 blink frogs
  22 tarantellas
  27 slime creatures
  4 shadows
  30 jumping spiders
  A jumping spider (shapeshifter) (Vaults:5)
  15 spriggans
  A culicivora (shapeshifter) (D:14)
  12 wyverns
  28 culicivoras
  2 ynoxinuls (Lair:5)
  59 yaks
  A vampire (D:12)
  15 basilisks
  A golden eye (Zig:3)
  7 wraiths
  6 hogs (D:14)
  11 vampire mosquitoes
  3 chaos spawn
  2 steam dragons
  56 redbacks
  5 wargs
  20 swamp worms
  4 acid dragons
  An entropy weaver zombie (Vaults:1)
  3 hell hounds (Lair:3)
  2 ogre skeletons (Vaults:1)
  13 water moccasins
  2 floating eyes (Depths:2)
  27 orc warriors
  3 swamp drakes (Swamp:1)
  A black bear (D:7)
  6 ice beasts
  A sky beast (D:6)
  3 boggarts (D:14)
  18 ogres
  26 wolves
  The ghost of Azuvok the Shooter, an amateur FoHu (D:3)
  10 centaurs
  A lemure (D:6)
  A phantom (D:4)
  4 kobold brigands
  4 elf zombies
  17 bullfrogs
  A gnoll sergeant (D:9)
  4 scorpions
  9 wights (D:9)
  11 small abominations
  Dowan (D:6)
  37 killer bees
  4 howler monkeys
  8 electric eels
  3 quasits (D:3)
  9 jellies
  4 human zombies
  18 orc priests
  5 hounds
  3 sleepcaps
  4 iguanas
  31 orc wizards
  8 hell rats (Lair:3)
  4 hound zombies (Ossuary)
  3 mummies (Ossuary)
  7 adders
  8 gnolls
  A river rat (D:5)
  A shadow imp (D:7)
  2 white imps
  An ufetubus (D:7)
  5 adder zombies (Ossuary)
  3 worms
  3 dart slugs
  88 orcs
  6 ball pythons
  4 endoplasms
  4 giant cockroaches
  11 goblins
  6 hobgoblins
  5 jackals
  4 quokkas
  7 bats
  2 frilled lizards
  3 gnoll zombies (Ossuary)
  4 goblin zombies (Ossuary)
  A hobgoblin zombie (Ossuary)
  3 jackal zombies (Ossuary)
  25 kobolds
  3 kobold zombies (Ossuary)
  An orc zombie (Ossuary)
  4 quokka zombies (Ossuary)
  6 rats
  3 rat zombies (Ossuary)
1724 creatures vanquished.

Vanquished Creatures (collateral kills)
  A golden dragon (Depths:1)
  Arachne (Spider:4)
  A storm dragon (Depths:1)
  2 fire giants
  2 frost giants (Depths:1)
  An ironbound preserver (Vaults:3)
  A broodmother (Spider:4)
  A war gargoyle (Vaults:5)
  2 very ugly things
  Snorg (D:10)
  4 vault guards
  A spriggan air mage (Depths:1)
  3 hydras
  A ghost crab (Swamp:4)
  A hell beast (Swamp:4)
  A radroach (Spider:4)
  A jorogumo (Spider:4)
  A deep troll shaman (Depths:1)
  A spriggan berserker (Depths:1)
  2 spriggans (Swamp:4)
  A swamp dragon (shapeshifter) (Depths:1)
  2 swamp dragons
  A spriggan druid (Swamp:4)
  A deep troll (Depths:1)
  An orb spider (Spider:4)
  An ironbound convoker (Vaults:2)
  2 wolf spiders (Spider:4)
  Maurice (Orc:1)
  An orange demon (Swamp:4)
  A komodo dragon (Lair:5)
  A tarantella (shapeshifter) (Lair:5)
  A polar bear (Lair:5)
  A hornet (Swamp:4)
  A tarantella (Spider:4)
  2 culicivoras (Spider:4)
  A yak (D:9)
  3 redbacks (Spider:4)
  A water moccasin (Lair:5)
  2 wolves (Lair:5)
  An orc priest (Orc:1)
  An orc (Orc:1)
  A kobold (D:10)
57 creatures vanquished.

Vanquished Creatures (others)
  A goliath frog (Swamp:4)
  A bloated husk (Swamp:1)
  A spriggan (Swamp:4)
  An orc priest (Orc:2)
  26 foxfires
30 creatures vanquished.

Grand Total: 1811 creatures vanquished

Notes
Turn   | Place    | Note
-------+----------+-------------------------------------------
     0 | D:1      | EXPLOSION the Hill Orc Fighter began the quest for the Orb.
     0 | D:1      | Reached XP level 1. HP: 19/19 MP: 1/1
    79 | D:1      | Reached XP level 2. HP: 27/27 MP: 2/2
   762 | D:2      | Reached XP level 3. HP: 34/34 MP: 3/3
  1188 | D:3      | Found a transporter.
  1257 | D:3      | Reached XP level 4. HP: 25/41 MP: 2/4
  1260 | D:3      | Reached skill level 5 in Fighting
  1261 | D:3      | Reached skill level 5 in Axes
  1586 | D:3      | Reached XP level 5. HP: 43/48 MP: 5/5
  1684 | D:3      | Found a transporter.
  1696 | D:3      | Noticed Azuvok's ghost (amateur FoHu)
  1798 | D:3      | Found a faded altar of an unknown god.
  1813 | D:3      | Prayed at the altar of an unknown god.
  1813 | D:3      | Became a worshipper of Qazlal Stormbringer
  1813 | D:3      | Reached * piety under Qazlal
  2303 | D:4      | Reached XP level 6. HP: 47/56 MP: 6/6
  2374 | D:4      | Reached skill level 1 in Invocations
  2712 | D:4      | Found a sparkling altar of Nemelex Xobeh.
  2802 | D:4      | Reached XP level 7. HP: 63/63 MP: 8/8
  2822 | D:4      | Reached ** piety under Qazlal
  3059 | D:5      | Entered Level 5 of the Dungeon
  3428 | D:5      | Found a staircase to the Ecumenical Temple.
  3835 | D:5      | Noticed Eustachio
  3839 | D:5      | Eustachio changed into Eustachio the river rat
  3839 | D:5      | Noticed Eustachio
  3840 | D:5      | Killed Eustachio the river rat
  3892 | D:5      | Found a stormy altar of Qazlal.
  4552 | D:6      | Reached XP level 8. HP: 73/73 MP: 11/11
  4610 | D:6      | Noticed Dowan
  4611 | D:6      | Noticed Duvessa
  4612 | D:6      | Duvessa changed into Duvessa the wolf
  4612 | D:6      | Noticed Duvessa
  4616 | D:6      | Killed Duvessa the wolf
  4624 | D:6      | Reached skill level 5 in Invocations
  4629 | D:6      | Killed Dowan
  4638 | D:6      | Reached skill level 10 in Axes
  4870 | D:6      | Noticed Edmund
  4881 | D:6      | Noticed Grinder
  4888 | D:6      | Grinder changed into Grinder the lemure
  4888 | D:6      | Noticed Grinder
  4897 | D:6      | Killed Grinder the lemure
  5089 | D:6      | Reached XP level 9. HP: 65/81 MP: 11/13
  5423 | D:6      | Edmund changed into Edmund the sky beast
  5423 | D:6      | Noticed Edmund
  5431 | D:6      | Killed Edmund the sky beast
  5633 | D:7      | Reached *** piety under Qazlal
  5961 | D:7      | Found a shimmering blue altar of Sif Muna.
  6128 | D:7      | Found a burning altar of Makhleb.
  6230 | D:7      | Found a shimmering altar of Xom.
  6624 | D:8      | Found a sand-covered staircase.
  6626 | D:8      | Reached **** piety under Qazlal
  6656 | Ossuary  | Entered an ossuary
  6728 | Ossuary  | Reached XP level 10. HP: 90/91 MP: 16/16
  7541 | D:9      | Reached ***** piety under Qazlal
  7542 | D:9      | Reached skill level 15 in Axes
  7554 | D:9      | Found an ornate altar of the Wu Jian Council.
  7554 | D:9      | Found a faded altar of an unknown god.
  7563 | D:9      | Found a basalt altar of Yredelemnul.
  7565 | D:9      | Found a sacrificial altar of Ru.
  7567 | D:9      | Found an ancient bone altar of Kikubaaqudgha.
  7697 | D:9      | Reached XP level 11. HP: 66/97 MP: 17/17
  7772 | D:9      | Found a staircase to the Lair.
  8098 | D:10     | Entered Level 10 of the Dungeon
  8142 | D:10     | Found Reatemif's Magic Scroll Boutique.
  8206 | D:9      | Noticed a skeletal warrior
  8279 | D:9      | Killed a skeletal warrior
  8281 | D:9      | Noticed a centaur warrior
  8285 | D:9      | Killed a centaur warrior
  8286 | D:9      | Reached skill level 10 in Fighting
  8289 | D:9      | Noticed an ettin
  8293 | D:9      | an ettin changed into a wolf spider
  8293 | D:9      | Noticed a wolf spider (shapeshifter)
  8296 | D:9      | Killed a wolf spider
  8298 | D:9      | Noticed a seven-headed hydra
  8302 | D:9      | Killed a seven-headed hydra
  8326 | D:9      | Noticed a centaur warrior
  8335 | D:9      | Killed a centaur warrior
  8339 | D:9      | Noticed a centaur warrior
  8339 | D:9      | Noticed a boulder beetle
  8379 | D:9      | Reached skill level 10 in Invocations
  8435 | D:10     | Noticed a centaur warrior
  8442 | D:10     | Killed a centaur warrior
  8443 | D:10     | Reached skill level 5 in Armour
  8448 | D:10     | Noticed a death knight
  8460 | D:9      | Reached XP level 12. HP: 33/110 MP: 19/19
  8558 | D:9      | Killed a centaur warrior
  8559 | D:9      | Reached skill level 5 in Shields
  8563 | D:9      | Killed a boulder beetle
  8764 | D:10     | Noticed a two-headed ogre
  8770 | D:10     | Noticed Snorg
  8774 | D:10     | Killed a two-headed ogre
  8777 | D:10     | Killed Snorg
  8872 | D:10     | Noticed a two-headed ogre
  9081 | Lair:1   | Entered Level 1 of the Lair of Beasts
  9277 | Lair:1   | Found a blossoming altar of Fedhas.
 10095 | Lair:2   | Noticed Amaemon
 10101 | Lair:2   | Killed Amaemon
 10217 | Lair:2   | Reached XP level 13. HP: 57/122 MP: 22/22
 11008 | Lair:3   | Reached ****** piety under Qazlal
 11060 | Lair:2   | Reached skill level 15 in Invocations
 11158 | Lair:3   | Reached skill level 15 in Fighting
 11219 | Lair:3   | Found a staircase to the Swamp.
 11464 | Lair:3   | Reached XP level 14. HP: 135/135 MP: 25/25
 11823 | Lair:3   | Found a hole to the Spider Nest.
 12180 | Lair:4   | Found a frozen archway.
 12213 | IceCv    | Entered an ice cave
 12476 | IceCv    | Noticed a frost giant
 12490 | IceCv    | Killed a frost giant
 12574 | IceCv    | Got Nacipub's Secrets of the Winter
 12905 | Lair:4   | Found a staircase to the Slime Pits.
 12905 | Lair:4   | Found a viscous altar of Jiyva.
 13202 | Lair:4   | You fall into a shaft and drop 1 floor!
 13202 | Lair:5   | Entered Level 5 of the Lair of Beasts
 13326 | Lair:5   | Reached skill level 10 in Armour
 13610 | Lair:4   | Reached XP level 15. HP: 47/147 MP: 18/27
 14267 | Lair:5   | Found a sacrificial altar of Ru.
 15448 | Lair:5   | Found a corrupted altar of Lugonu.
 15448 | Lair:5   | Found a one-way gate to the infinite horrors of the Abyss.
 15454 | Lair:5   | Identified the staff of air "Saucsar" {rElec rC+}
 15858 | D:3      | Killed Azuvok's ghost
 16533 | D:10     | Identified the +0 leather armour of the Abyss {rF+ Will-
                  | Int+8 Slay+3}
 16650 | D:10     | Identified the staff of poison "Upyfonn" {rPois rF+ Int+3}
 16796 | D:11     | Found a gate leading to a gauntlet.
 16805 | Gauntlet | Entered a Gauntlet
 16805 | Gauntlet | Found a transporter.
 16805 | Gauntlet | Found a transporter.
 16809 | Gauntlet | Found a transporter.
 16809 | Gauntlet | Found a transporter.
 16818 | Gauntlet | Found a transporter.
 16837 | Gauntlet | Found a transporter.
 16843 | Gauntlet | Found a large runed translucent door.
 16844 | Gauntlet | Found a large runed translucent door.
 16845 | Gauntlet | Found a large runed translucent door.
 16845 | Gauntlet | Found a large runed translucent door.
 16846 | Gauntlet | Found a large runed translucent door.
 16846 | Gauntlet | Found a large runed translucent door.
 16846 | Gauntlet | Found a runed translucent gate.
 16846 | Gauntlet | Found a runed translucent door.
 16847 | Gauntlet | Found a large runed translucent door.
 16847 | Gauntlet | Found a transporter.
 16847 | Gauntlet | Found a runed translucent gate.
 16847 | Gauntlet | Found a transporter.
 16848 | Gauntlet | Found a large runed translucent door.
 16848 | Gauntlet | Found a runed translucent gate.
 16848 | Gauntlet | Found a runed translucent door.
 16850 | Gauntlet | Found a transporter.
 16855 | Gauntlet | Found a large runed translucent door.
 16855 | Gauntlet | Found a large runed translucent door.
 16856 | Gauntlet | Found a large runed translucent door.
 16857 | Gauntlet | Found a large runed translucent door.
 16866 | Gauntlet | Found a large runed translucent door.
 16866 | Gauntlet | Found a large runed translucent door.
 16877 | Gauntlet | Found a transporter.
 16884 | Gauntlet | Found a transporter.
 16904 | Gauntlet | Found a transporter.
 16938 | Gauntlet | Found a transporter.
 16952 | Gauntlet | Found a transporter.
 17053 | Gauntlet | Found a transporter.
 17078 | Gauntlet | Found a transporter.
 17086 | Gauntlet | Found a large runed translucent door.
 17086 | Gauntlet | Found a large runed translucent door.
 17185 | Gauntlet | Identified the ring of Vaagupp {rC+++ AC+4 Str+3 Stlth+}
 17239 | Gauntlet | Identified the amulet of the Rose {Regen+ Int+3}
 17248 | Gauntlet | Identified the +2 helmet "Vyil" {Int+2 Slay+2}
 17413 | Gauntlet | Got the Vellum of Fascination
 18193 | D:12     | Identified the +1 scale mail of Huridomm {Int+4}
 18291 | D:12     | Noticed Josephine
 18298 | D:12     | Killed Josephine
 18302 | D:12     | Reached XP level 16. HP: 116/156 MP: 29/29
 18347 | D:12     | Found a staircase to the Orcish Mines.
 19309 | Orc:1    | Entered Level 1 of the Orcish Mines
 19309 | Orc:1    | Noticed Sonja
 19312 | Orc:1    | Killed Sonja
 19577 | Orc:2    | Entered Level 2 of the Orcish Mines
 19607 | Orc:2    | Paralysed by an orc sorcerer for 3 turns
 19953 | Orc:2    | Found Gisuckoo's Book Boutique.
 19953 | Orc:2    | Found Cullad's Distillery.
 19955 | Orc:2    | Found Gaphyar's General Store.
 19955 | Orc:2    | Found Xataloab's Armour Shoppe.
 19963 | Orc:2    | Bought a scroll of magic mapping for 105 gold pieces
 19966 | Orc:2    | Bought a potion of heal wounds for 60 gold pieces
 19966 | Orc:2    | Bought a potion of might for 48 gold pieces
 20039 | Orc:2    | Found a bloodstained altar of Trog.
 20170 | Orc:2    | Found a staircase to the Elven Halls.
 20400 | Orc:1    | Noticed Nergalle
 20400 | Orc:1    | Found Ymex's Distillery.
 20404 | Orc:1    | Noticed Maurice
 20405 | Orc:1    | Noticed Fannar
 20409 | Orc:1    | Killed Fannar
 20409 | Orc:1    | Killed Maurice
 20410 | Orc:1    | Killed Nergalle
 20488 | Orc:1    | Bought a potion of lignification for 39 gold pieces
 20488 | Orc:1    | Bought a potion of heal wounds for 65 gold pieces
 20488 | Orc:1    | Bought a potion of haste for 130 gold pieces
 20793 | D:13     | Identified the amulet of the Duke {Faith Stlth+}
 20873 | D:13     | Found a gate to the Vaults.
 21428 | D:14     | Noticed Rupert
 21432 | D:14     | Killed Rupert
 21565 | D:14     | Noticed Kirke
 21575 | D:14     | Noticed a sphinx
 21576 | D:14     | Killed Kirke
 21697 | D:14     | Noticed Frances
 21707 | D:14     | Killed Frances
 21784 | D:14     | Noticed Lodul
 21806 | D:14     | Killed Lodul
 21807 | D:14     | Reached XP level 17. HP: 120/170 MP: 31/31
 21929 | D:14     | Found Iply's Magic Scroll Shoppe.
 21942 | D:14     | Bought a scroll of enchant armour for 112 gold pieces
 21942 | D:14     | Bought a scroll of teleportation for 45 gold pieces
 21942 | D:14     | Bought a scroll of brand weapon for 142 gold pieces
 21942 | D:14     | Bought a scroll of summoning for 142 gold pieces
 22146 | D:15     | Entered Level 15 of the Dungeon
 22597 | D:15     | Found a staircase to the Depths.
 23371 | Swamp:1  | Entered Level 1 of the Swamp
 23826 | Swamp:1  | Noticed Mlioglotl
 23838 | Swamp:1  | Killed Mlioglotl
 24104 | Swamp:2  | Noticed a tentacled monstrosity
 24116 | Swamp:2  | Killed a tentacled monstrosity
 24612 | Swamp:3  | Noticed a tentacled monstrosity
 24697 | Swamp:3  | Noticed Aizul
 24700 | Swamp:3  | Killed Aizul
 24708 | Swamp:3  | Killed a tentacled monstrosity
 25004 | Swamp:3  | Found a runed translucent gate.
 25004 | Swamp:3  | Found a runed translucent gate.
 25004 | Swamp:3  | Found a runed translucent gate.
 25005 | Swamp:3  | Noticed xfalz's ghost (journeyman GnSk)
 25276 | Swamp:4  | Entered Level 4 of the Swamp
 25519 | Swamp:4  | Reached XP level 18. HP: 171/182 MP: 28/33
 25594 | Swamp:3  | Reached skill level 10 in Shields
 25599 | Swamp:3  | Killed xfalz's ghost
 26350 | Swamp:4  | Got a decaying rune of Zot
 26501 | Swamp:4  | Noticed a tentacled monstrosity
 26510 | Swamp:4  | Killed a tentacled monstrosity
 26679 | Spider:1 | Entered Level 1 of the Spider Nest
 27188 | Spider:1 | Identified the +1 trident "Goblinbane" {freeze, rC+ Will+
                  | Str-5}
 27193 | Spider:1 | You fall into a shaft and drop 1 floor!
 29387 | Spider:3 | Reached XP level 19. HP: 193/193 MP: 34/34
 30222 | Spider:4 | Entered Level 4 of the Spider Nest
 30806 | Spider:4 | Noticed Arachne
 30829 | Spider:4 | Killed Arachne
 31890 | Spider:4 | Identified the -1 hat of Sif Muna's Delight {rElec rC++
                  | Dex+4 Slay-2}
 31902 | Spider:4 | Got a gossamer rune of Zot
 32191 | Vaults:1 | Entered Level 1 of the Vaults
 32425 | Vaults:1 | Reached skill level 15 in Armour
 32631 | Vaults:1 | Identified the +0 ring mail of the Frog {Str+3}
 32738 | Vaults:1 | Paralysed by a great orb of eyes for 4 turns
 32945 | Vaults:1 | Reached XP level 20. HP: 206/206 MP: 36/36
 33375 | Vaults:2 | Identified the +12 spear of the Lair of Beasts {flame,
                  | rElec Int-4 Dex+2}
 33531 | Vaults:2 | Paralysed by a great orb of eyes for 3 turns
 34707 | Vaults:2 | Identified the ring of Ucloclun {Fly rCorr MP-9 SInv}
 34710 | Vaults:2 | Identified the +10 hand axe of Tusanot {flame, Str+4}
 34711 | Vaults:2 | Identified the amulet "Peane" {Spirit +Inv}
 34921 | Vaults:3 | Noticed Sojobo
 34924 | Vaults:3 | Killed Sojobo
 35209 | Vaults:3 | Reached skill level 1 in Dodging
 35416 | Vaults:3 | Identified a scroll of acquirement
 35429 | Vaults:3 | Acquired 887 gold pieces
 35447 | Vaults:3 | Reached XP level 21. HP: 183/217 MP: 23/38
 36089 | Vaults:3 | Paralysed by a sphinx for 2 turns
 36244 | Vaults:3 | Found a staircase to the Crypt.
 36244 | Vaults:3 | Found a basalt altar of Yredelemnul.
 36257 | Vaults:3 | Found an ancient bone altar of Kikubaaqudgha.
 36344 | Vaults:3 | Found Kila's Magic Scroll Boutique.
 36352 | Vaults:3 | Bought a scroll of teleportation for 54 gold pieces
 36352 | Vaults:3 | Bought a scroll of magic mapping for 135 gold pieces
 36352 | Vaults:3 | Bought a scroll of teleportation for 54 gold pieces
 36352 | Vaults:3 | Bought a scroll of teleportation for 54 gold pieces
 36514 | Vaults:4 | Reached skill level 27 in Invocations
 36548 | Vaults:4 | Found Lanuonn's Book Emporium.
 36744 | Vaults:4 | Found a runed translucent gate.
 36744 | Vaults:4 | Found a runed translucent gate.
 36745 | Vaults:4 | Found a runed translucent gate.
 36745 | Vaults:4 | Noticed wortelefant's ghost (adept MiFi)
 36747 | Vaults:4 | Found an iron altar of Okawaru.
 36991 | Vaults:4 | Noticed a dread lich
 37004 | Vaults:4 | Killed a dread lich
 37322 | Vaults:4 | Killed wortelefant's ghost
 37493 | Vaults:5 | Entered Level 5 of the Vaults
 37495 | Vaults:5 | Reached skill level 5 in Dodging
 37535 | Vaults:5 | Reached XP level 22. HP: 185/228 MP: 2/39
 37538 | Vaults:5 | Found Xixixute's Armour Shoppe.
 37547 | Vaults:5 | Identified the +7 chain mail of the Sky {Will+ rCorr}
 37769 | Vaults:5 | Bought the +3 pair of mountain boots {steadfast, rC+} for
                  | 569 gold pieces
 37769 | Vaults:5 | Found the +3 pair of mountain boots {steadfast, rC+}
 38363 | Vaults:5 | Got a silver rune of Zot
 38530 | Vaults:5 | Identified the staff of conjuration "Cufaedgh" {Will+ Str+4
                  | Dex+3}
 38543 | Vaults:5 | Noticed a dread lich
 38553 | Vaults:5 | Killed a dread lich
 38623 | Vaults:5 | Identified the +0 scale mail "Affutt" {rElec rF+ rCorr
                  | Stlth-}
 38709 | Vaults:5 | Noticed a golden dragon
 38722 | Vaults:5 | Killed a golden dragon
 39476 | Depths:1 | Entered Level 1 of the Depths
 39476 | Depths:1 | Noticed a golden dragon
 39478 | Depths:1 | Reached skill level 27 in Fighting
 39483 | Depths:1 | Killed a golden dragon
 39489 | Depths:1 | Reached XP level 23. HP: 151/240 MP: 19/40
 39772 | Depths:1 | Found Doc Redd's Book Emporium.
 39978 | Depths:1 | Found a gateway to Hell.
 40373 | Depths:2 | Paralysed by a floating eye for 3 turns
 40384 | Depths:2 | Gained mutation: You have hidden genetic potential. [a
                  | shining eye]
 40610 | Depths:2 | Found a corrupted altar of Lugonu.
 40791 | Depths:2 | Reached skill level 10 in Dodging
 40841 | Depths:2 | Found a glowing silver altar of Zin.
 40875 | Depths:2 | Found a one-way gateway to a ziggurat.
 41149 | Depths:2 | Found a one-way gate leading to the halls of Pandemonium.
 41315 | Zig:1    | Entered Level 1 of a ziggurat
 41372 | Zig:1    | Identified the +9 hand axe "Bothrocu" {speed, Fragile rCorr
                  | Str+3 Dex+4}
 41379 | Zig:2    | Entered Level 2 of a ziggurat
 41380 | Zig:2    | Noticed a Killer Klown
 41394 | Zig:2    | Killed a Killer Klown
 41415 | Zig:3    | Entered Level 3 of a ziggurat
 41789 | Zig:3    | Identified the staff of fire "Cuosi" {rF+ MP+9 Str+2 Int-3
                  | Dex+2}
 41800 | Zig:4    | Entered Level 4 of a ziggurat
 41801 | Zig:4    | Noticed a curse toe
 41815 | Zig:4    | Killed a curse toe
 41856 | Zig:4    | Identified the +1 broad axe of Egreuh {venom, Contam rPois
                  | rC+ rN++}
 41873 | Zig:5    | Entered Level 5 of a ziggurat
 41915 | Zig:6    | Entered Level 6 of a ziggurat
 41945 | Zig:6    | Reached XP level 24. HP: 239/249 MP: 31/40
 41956 | Zig:7    | Entered Level 7 of a ziggurat
 41976 | Zig:7    | HP: 13/373 [emperor scorpion (15)]
 41977 | Zig:7    | HP: 1/373 [broodmother (10)]
 41977 | Zig:7    | Demolished by a sun moth

Illustrated notes

Levels and vault maps discovered:
D:1:      moated_graveyard_arrival, layout_loops_ring
D:2:      minmay_razor_zed, layout_rooms, solitary_fountain, dk_noncrumbling_2
D:3:      layout_basic, gammafunk_ghost_stat_death,
          shapermc_ecumenical_altar_notcrosses, kennysheep_crisscross
D:4:      layout_basic, nemelex_diamond_rough_becter
D:5:      layout_loops_ring, mainiacjoe_overflow_chevrons,
          minmay_temple_entry_slanted, uniq_eustachio
D:6:      layout_basic, grunt_ministairs_9, nrook_mini_vaults,
          nicolae_elevator_lobby_plus, uniq_grinder, uniq_duvessa, uniq_edmund
D:7:      layout_basic, general_overflow_altar, amcnicky_altar_gilded,
          lemuel_doored_altar
D:8:      layout_loops_ring, nicolae_ossuary_entry_ruins
D:9:      minmay_klotski, layout_cave_pools,
          chequers_temple_overflow_minitemple, hellmonk_lair_entry_icy
D:10:     minmay_the_grid_triangle_9x9_recursive_2
          [minmay_the_grid_triangle_9x9_prize_center,
          minmay_the_grid_triangle_9x9_wacky_v,
          minmay_the_grid_triangle_9x9_thin_v,
          minmay_the_grid_triangle_9x9_skeleton], layout_basic, serial_shops,
          shop, uniq_snorg
D:11:     layout_gridville, gauntlet_entry_generic, minmay_circle_x
D:12:     layout_stronghold, david_orc_3, wad_woods_river_04, uniq_josephine
D:13:     layout_stronghold, hangedman_vaults_entry_quadrant_bands
D:14:     layout_roguey, serial_shops, shop, st_stairs_10,
          lightli_corner_chamber, uniq_kirke, uniq_frances, uniq_lodul,
          uniq_rupert
D:15:     grunt_enter_depths_snipers, layout_loops_corners, minmay_misc_feat_x
Lair:1:   layout_regular_city, hangedman_tree_tricks, guppyfry_lair_drakes
Lair:2:   layout_roguey [special_room_bee], worms_lemuel, uniq_amaemon
Lair:3:   layout_roguey [special_room_mythical_zoo], minmay_swamp_entry_eels,
          hellmonk_spider_entry_life_and_decay
Lair:4:   nzn_winding_woodlands_stair_cross [nzn_winding_woodlands_5x15_zeroes,
          nzn_winding_woodlands_center_lodge,
          nzn_winding_woodlands_5x15_sawtooth,
          nzn_winding_woodlands_5x5_checkerboard,
          nzn_winding_woodlands_5x5_cross,
          nzn_winding_woodlands_5x15_concentric,
          nzn_winding_woodlands_center_triple_pond,
          nzn_winding_woodlands_5x15_cabin], layout_gridlike,
          nicolae_slime_entry_slimehenge, portal_ice_cave_rime
Lair:5:   hellmonk_lair_end_abyssal_woods, layout_loops_ring, basic_altar
Swamp:1:  nicolae_swamp_tree_isthmus, layout_basic_swamp,
          evilmike_swamp_ruin_rubble_2, uniq_mlioglotl
Swamp:2:  layout_basic_swamp, evilmike_swamp_ruin_house_3, swamp_pool4
Swamp:3:  layout_basic_swamp, gammafunk_ghost_hydra_chop,
          evilmike_swamp_ruin_house_5, kb_tengu_band, infiniplex_staircase_pool,
          uniq_aizul
Swamp:4:  swamp_vile, layout_basic_swamp
Spider:1: layout_spider_delve
Spider:2: layout_spider_delve
Spider:3: layout_spider_delve
Spider:4: spider_rune_water, uniq_arachne
Orc:1:    layout_caves, serial_shops, nicolae_shop_behind_doors, uniq_sonja,
          uniq_maurice, uniq_nergalle, uniq_fannar
Orc:2:    grunt_orc_tribal_feast, layout_caves, basic_altar
Vaults:1: v_misc_8, nicolae_vaults_six-pack, nicolae_vaults_cornered_office,
          v_misc_27, nicolae_vaults_trapezoid_lopsided_3, vaults_room_pools,
          nicolae_vaults_layer_cake_slice, layout_vaults_omnicross
Vaults:2: hangedman_vaults_nails, nicolae_vaults_specimen_jars,
          vaults_mumra_minichess, nicolae_vaults_circle_grid_a,
          vaults_room_boxed, nicolae_vaults_storing_the_good_stuff,
          serial_ice_g, vaults_room_door_ring, layout_vaults_omnigrid
Vaults:3: nicolae_vaults_hexular_roomagon, grunt_vaults_twisty,
          nicolae_vaults_surprise_closet, minmay_crypt_entry_necro_gods,
          v_pattern_3, grunt_vaults_focal, ontoclasm_vaults_eye,
          nicolae_vaults_oval_intersection, nicolae_vaults_little_squares_2,
          vaults_room_hangedman_quadrants, hangedman_vaults_stitches,
          nicolae_vaults_offset_grid_hallway_3, vaults_room_stairs_pillars,
          nicolae_vaults_closet_pinwheel_4, nicolae_vaults_trapezoid_3,
          nicolae_vaults_double_plus_1, layout_vaults_ring, serial_shops,
          nicolae_shop_pleasant_corner_grove, uniq_sojobo
Vaults:4: gammafunk_ghost_fury_of_okawaru, nicolae_vaults_rhombus_6,
          nicolae_vaults_house_3, nicolae_vaults_murder_corner,
          ontoclasm_vaults_ring_small, vaults_room_pools,
          ontoclasm_vaults_twist, layout_vaults_big_room, serial_shops, shop
Vaults:5
Depths:1: layout_long_grid, serial_shops, nicolae_book_shop_shelving,
          nicolae_abyss_entry_one_way_or_another, hell_entry,
          serial_sigils_hangedman_snap, minivault_22,
          amcnicky_mini_rare_corridor_liquid, hangedman_decor_push, drop_trap,
          evilmike_ambush [evilmike_ambush_outer_corners,
          evilmike_ambush_inner_pond]
Depths:2: minmay_inside_and_out, layout_honeycomb, enter_ziggurat_d,
          abyss_entry_flame_altar, pan_entry, grunt_hell_entry_dis_mu,
          minmay_misc_feat_doors, zin_statuary
Zig:7

Skill      XL: |  1  2  3  4  5  6  7  8  9 10 11 12 13 14 15 16 17 18 19 20 21 22 23 |
---------------+----------------------------------------------------------------------+-----
Axes           | 3 4 5 6 7 9 10 12 16 18 | 18.0
Fighting       | 4 5 6 7 8 9 11 13 15 17 18 20 21 22 23 25 26 27 | 27.0
Invocations    | 2 4 6 8 10 12 15 17 19 21 22 23 25 26 27 | 27.0
Armour         | 5 6 8 10 11 12 13 14 15 16 17 19 20 | 20.8
Shields        | 4 5 6 8 9 11 12 | 12.3
Dodging        | 1 5 8 11 | 11.1

Action                     |  1- 3 |  4- 6 |  7- 9 | 10-12 | 13-15 | 16-18 | 19-21 | 22-24 || total
---------------------------+-------+-------+-------+-------+-------+-------+-------+-------++-------
  Melee: War axe           |   115 |   140 |   256 |    95 |       |       |       |       ||   606
         Broad axe         |       |       |   130 |   381 |   920 |  1093 |   966 |   643 ||  4133
  Throw: Dart              |       |       |     2 |       |       |       |       |       ||     2
 Invoke: Upheaval          |       |       |     1 |       |     5 |    13 |    11 |     6 ||    36
         Elemental Force   |       |       |       |     4 |     4 |     5 |    12 |     3 ||    28
         Disaster Area     |       |       |       |     1 |     3 |     4 |     4 |     1 ||    13
  Evoke: Wand              |       |       |     7 |     1 |    14 |     3 |       |       ||    25
    Use: Potion            |     1 |       |       |     2 |     6 |     2 |     5 |     5 ||    21
         Scroll            |       |     5 |    12 |     3 |    11 |     8 |     7 |     2 ||    48
   Stab: Paralysed         |       |       |       |     1 |     1 |     4 |    12 |       ||    18
         Distracted        |       |       |       |     1 |       |     1 |     1 |       ||     3
         Petrified         |       |       |       |       |     2 |       |       |       ||     2
         Invisible         |       |       |       |       |       |     2 |       |       ||     2
 Armour: Chain mail        |    80 |    56 |   133 |   136 |   359 |   554 |   289 |       ||  1607
         Plate armour      |       |       |       |       |       |       |   132 |   364 ||   496
  Dodge: Dodged            |    54 |    42 |    87 |    85 |   193 |   264 |   211 |   180 ||  1116
         Repelled          |       |     1 |     4 |     1 |     5 |     4 |    11 |     3 ||    29
  Block: Buckler           |    29 |    37 |   134 |   230 |   412 |       |       |       ||   842
         Kite shield       |       |       |       |       |   146 |   943 |   818 |   494 ||  2401
